← All builds
Geo sea / Armada / Economy first / OBSERVED BUILD

Standard geo sea

Armada Geo sea build order · Supreme Isthmus

Shipyard in the cove backed by a bot lab, pushing out early submarines and destroyers to contest the sea while teching up to a geothermal plant around 7:46, the role's bread-and-butter naval contest.

Usually shipyard in the cove (88%)

#naval #eco · 822 distinct matches · 106 players · 80% of Armada Geo sea games · team won 54% of 879 · Recently observed

HOW TO PLAY IT

Key timing: Shipyard by 3:11

  1. Take mex and wind, start bot lab first for early defence.
  2. Finish bot lab, then build shipyard in the cove.
  3. Push first submarine out to contest the sea.
  4. Add destroyer as the main contesting force.
  5. Transition into geothermal plant and advanced metal extractor.

Phase by phase

TYPICAL OF ITS 822 GAMES
  1. 1
  2. 2
  3. 3
  4. 4
PLAY THE OPENING

Follow the example game's first 6:00 step by step: what to build now, what comes next, and where it goes. At 1× it keeps pace with your own game.

  1. 1

    Up to the Bot Lab

    Economy
    • Metal Extractor3Mex
    • Wind Turbine3Wind
    Order
    1. Bot LabBot Lab after 3 mex, 3 winddone ~1:12, middle half 1:06–1:17

    Some games also: wind for allies (43%)

    By 0:55 in all: 3 mex · 3 wind

    The example game in this phase · 5 steps
    1. Mex ×3
    2. Wind
    3. Wind ×2for Air
    4. Wind
    5. Bot LabBot Labdone 1:13 · typical 1:12
  2. 2

    Bot Lab to Shipyard

    Economy
    • Metal Extractor1Mex
    • Wind Turbine1Wind
    Order
    1. ShipyardShipyard after 4 mex, 4 winddone ~3:12, middle half 2:51–3:37
    Builders
    • Construction Bot3 Con bot
    • Lazarus2 Lazarus

    Some games also: pawn (45%) · con turret (39%) · crossbow (36%)

    By 2:48 in all: 4 mex · 4 wind

    The example game in this phase · 6 steps
    1. LazarusLazarus
    2. Wind
    3. LazarusLazarus
    4. Construction BotCon bot ×3
    5. LazarusLazarus
    6. ShipyardShipyarddone 2:51 · typical 3:12
  3. 3

    Shipyard to 5:00

    Economy
    • Metal Extractor4Mex
    • Wind Turbine1Wind
    Builders
    • Construction Ship1 Con ship
    Army
    • Dolphin3 Dolphin
    • Skater1 Skater
    Other
    • Radar Tower1 Radar Tower

    Some games also: destroyer (50%) · submarine (44%) · Sentry (43%) · converter (34%) · pawn (31%)

    By 5:00 in all: 8 mex · 7 wind · 1 energy storage · 1 con turret

    The example game in this phase · 17 steps
    1. Construction ShipCon ship
    2. Mex
    3. SkaterSkater ×2
    4. Con turret
    5. DolphinDolphin
    6. Mex
    7. DolphinDolphin
    8. Mex
    9. DolphinDolphin
    10. Mex ×2
    11. SkaterSkater
    12. Radar TowerRadar Tower ×2
    13. Energy storage
    14. SkaterSkater
    15. SentrySentry
    16. Grim ReaperGrim Reaper
    17. SentrySentry
  4. 4

    5:00 to 10:00

    Economy
    • Metal Extractor2Mex
    • Wind Turbine12Wind
    • Energy Converter3Converter
    Builders
    • Construction Turret1 Con turret
    • Grim Reaper2 Grim Reaper
    • Construction Ship1 Con ship
    Army
    • Sentry1 Sentry
    • Dolphin4 Dolphin
    • Skater2 Skater
    • Corsair2 Destroyer

    Some games also: Radar Tower (48%) · Harpoon (41%) · geo (40%) · frigate (39%) · Naval Construction Turret (33%)

    By 10:00 in all: 11 mex · 19 wind · 1 geo · 4 converter · 1 energy storage · 2 con turret

    The example game in this phase · 52 steps
    1. CorsairDestroyerdone 5:33 · typical 5:36
    2. SentrySentry
    3. SkaterSkater
    4. Grim ReaperGrim Reaper
    5. Con turret
    6. CorsairDestroyer
    7. SkaterSkater
    8. Advanced Metal ExtractorT2 mexdone 7:44 · typical 9:19
    9. Dragon's TeethDragon's Teeth
    10. Grim ReaperGrim Reaper
    11. Dragon's TeethDragon's Teeth
    12. SentrySentry
    13. CorsairDestroyer
    14. HarpoonHarpoon
    15. SentrySentry
    16. Naval Radar / Sonar TowerNaval Radar / Sonar Tower
    17. Advanced Metal ExtractorT2 mex
    18. Mex
    19. Advanced Metal ExtractorT2 mex
    20. SkaterSkater
    21. Grim ReaperGrim Reaper
    22. Naval Radar / Sonar TowerNaval Radar / Sonar Tower
    23. CorsairDestroyer
    24. Advanced Metal ExtractorT2 mex
    25. SkaterSkater
    26. Grim ReaperGrim Reaper
    27. CorsairDestroyer
    28. Con turret
    29. SkaterSkater
    30. Con turret
    31. Grim ReaperGrim Reaper
    32. Advanced Metal ExtractorT2 mex
    33. Con turret
    34. Construction ShipCon ship
    35. Wind
    36. Geothermal PowerplantGeodone 12:07 · typical 7:46
    37. Wind ×5
    38. Advanced ShipyardAdvanced Shipyarddone 11:26
    39. Wind ×2
    40. Advanced Metal ExtractorT2 mex
    41. Wind ×16
    42. MaelstromMaelstromdone 12:26
    43. Wind ×4
    44. MaelstromMaelstrom
    45. Wind ×4
    46. MaelstromMaelstrom
    47. Wind ×2
    48. MaelstromMaelstrom
    49. Wind ×2
    50. EpochEpochnot finished by 15:00
    51. Wind
    52. Con turret ×4

Counts are medians over the build's games: half of them build more, half fewer. The example game is DRM's (43 OS, 04/10/2026); pick another.

Team trades

IN AT LEAST 30% OF ITS GAMES

You hand over

  • Wind Turbine2 Wind to Airfirst at 1:41 · in 60% of games

You get

  • Finch1 Finch from Airfirst at 1:52 · in 73% of games
  • Hercules1 Light transport from Airfirst at 2:05 · in 61% of games
  • Advanced Construction Bot1 T2 con bot from Techfirst at 7:42 · in 89% of games

How it plays out

Typical game of this build, running totals by minute

Metal produced

010k20k30k
0:005:0010:0015:00

metal

Enemy metal destroyed

05k10k
0:005:0010:0015:00

metal

Own metal lost

02.5k5k7.5k
0:005:0010:0015:00

metal

879 games.

Show as table
ByMetal produced: This buildEnemy metal destroyed: This buildOwn metal lost: This build
1:0039500
2:0092800
3:00160900
4:002893040
5:00414117554
6:005550541300
7:0071051001615
8:00873917051011
9:001061524581655
10:001290433332246
11:001549945823171
12:001850357053963
13:002179068434827
14:002544778555665
15:002895489766607
WHAT THE NUMBERS SAY

Standard Geo sea play, backed by a bot lab before the shipyard, with a 53% team win rate matching the other sea role closely.

  • + Geothermal finishes by 7:46 in 58% of games, funding the economy transition.
  • − Enemy metal destroyed only 8994 by 15:00 versus own losses of 6662, a close sea fight.
THE EXAMPLE YOU ARE READING

DRM

43.5 OS · 04/10/2026

Open source match ↗

5 received units · includes a constructor
870 metal received · 126089 energy received

Allied construction assistance is unknown. Timings are observations, not a promise of solo reproducibility.

Typical milestones

Bot Lab1:12Middle 50%: 1:06–1:17 · n=845
Shipyard3:12Middle 50%: 2:51–3:37 · n=868
Eel4:21Middle 50%: 3:41–5:29 · n=519
Corsair5:36Middle 50%: 4:53–6:34 · n=813
Geothermal Powerplant7:46Middle 50%: 6:49–9:15 · n=535
Advanced Metal Extractor9:19Middle 50%: 8:37–10:06 · n=766

Played most by

_X_86games of this buildOptimusprimenutt52games of this buildKingBenjai50games of this buildWashedGamuer49games of this buildRexalidus37games of this build
Standard geo sea · Armada Geo sea build order · BAR Build Atlas